[Event "ICC Open 2015"]
[Site "Internet Chess Club"]
[Date "2015.05.29"]
[Round "9"]
[White "playwaycool"]
[Black "PADILLON2189"]
[Result "0-1"]
[ICCResult "White checkmated"]
[WhiteElo "2285"]
[BlackElo "2045"]
[Opening "Trompowsky attack (Ruth, Opocenský opening)"]
[ECO "A45"]
[NIC "QP.07"]
[Time "15:38:40"]
[TimeControl "180+0"]

1. d4 Nf6 2. Bg5 e6 3. e4 d5 4. e5 h6 5. Be3 Nfd7 6. c3 c5 7. f4 Nc6 8. Nf3
cxd4 9. cxd4 Nb6 10. Nbd2 Bd7 11. a3 a5 12. Rc1 a4 13. Bd3 Na5 14. O-O Nbc4
15. Nxc4 dxc4 16. Bb1 Bc6 17. f5 exf5 18. Bxf5 Be7 19. e6 fxe6 20. Bg6+ Kd7
21. Ne5+ Kc7 22. Nf7 Qd5 23. Qg4 Rhf8 24. Bf4+ Kb6 25. Be5 Bf6 26. Bxf6 gxf6
27. Rxf6 Rg8 28. Rc2 Nb3 29. h4 h5 30. Qxh5 Qxd4+ 31. Rcf2 Nc5 32. Qg5 Ne4
33. Qf4 Qxf2+ 34. Qxf2+ Nxf2 35. Kxf2 Kc5 36. h5 Bd5 37. h6 Raf8 38. Ke3
Rxg6 39. Rxg6 Rxf7 40. g4 e5 41. g5 Rf3+ 42. Ke2 Rh3 43. Rg7 Kd4 44. h7 Be4
45. g6 Bxg6 46. Rxg6 Rxh7 47. Kd1 b5 48. Rd6+ Kc5 49. Rd8 Rh2 50. Kc1 e4 51.
Re8 Kd4 52. Rd8+ Ke3 53. Rd5 Rh1+ 54. Kc2 Rh2+ 55. Kc1 Kf3 56. Rf5+ Ke2 57.
Rxb5 e3 58. Rc5 Rh4 59. Rf5 Rd4 60. Kc2 Rd2+ 61. Kc3 Rd3+ 62. Kxc4 Rb3 63.
Rf8 Ke1 64. Ra8 e2 65. Rxa4 Rxb2 66. Ra8 Kd1 67. Rd8+ Rd2 68. Rf8 e1=Q 69.
Kc5 Rc2+ 70. Kb6 Qe6+ 71. Kb5 Qd7+ 72. Kb4 Qb7+ 73. Ka5 Rc5+ 74. Ka4 Qb5#
{White checkmated}
0-1

[Event "ICC Open 2015"]
[Site "Internet Chess Club"]
[Date "2015.05.29"]
[Round "9"]
[White "Snooze"]
[Black "nmd"]
[Result "1-0"]
[ICCResult "Black checkmated"]
[WhiteElo "1903"]
[BlackElo "1716"]
[Opening "Sicilian defense"]
[ECO "B33"]
[NIC "SI.34"]
[Time "15:39:28"]
[TimeControl "180+0"]

1. e4 c5 2. Nf3 Nc6 3. d4 cxd4 4. Nxd4 Nf6 5. Nc3 e6 6. Nxc6 bxc6 7. e5 Nd5
8. Ne4 f5 9. exf6 Nxf6 10. Nxf6+ Qxf6 11. Bd3 d5 12. O-O Bd6 13. c4 O-O 14.
cxd5 cxd5 15. Be3 e5 16. Rc1 e4 17. Be2 Bb7 18. Bd4 Be5 19. Bxe5 Qxe5 20. b3
d4 21. Bc4+ Kh8 22. Qg4 Rf4 23. Qd7 Rb8 24. g3 Rf3 25. Be2 Rff8 26. Rc7 Rfd8
27. Qf7 Bd5 28. f4 Bxf7 29. fxe5 Bg8 30. Bg4 d3 31. Re1 Bd5 32. e6 Re8 33.
e7 Rb7 34. Rec1 Rxe7 35. Rc8+ Bg8 36. Rf1 Rbc7 37. Rb8 g6 38. Rff8 Rg7 39.
Be6 d2 40. Rxg8+ Rxg8 41. Rxg8# {Black checkmated} 1-0

[Event "ICC Open 2015"]
[Site "Internet Chess Club"]
[Date "2015.05.29"]
[Round "9"]
[White "chessdjw"]
[Black "maly"]
[Result "0-1"]
[ICCResult "White forfeits on time"]
[WhiteElo "2215"]
[BlackElo "2658"]
[Opening "Réti opening"]
[ECO "A30"]
[NIC "EO.34"]
[Time "15:38:45"]
[TimeControl "180+0"]

1. Nf3 c5 2. c4 Nc6 3. Nc3 g6 4. e3 Nf6 5. d4 cxd4 6. exd4 d5 7. cxd5 Nxd5
8. Qb3 Nxc3 9. Bc4 e6 10. bxc3 Bg7 11. Bg5 Qc7 12. O-O O-O 13. Bd3 b6 14.
Rac1 Bb7 15. Rfd1 Rac8 16. Qb2 Na5 17. Qe2 Nc4 18. Nd2 Nxd2 19. Bxd2 Qc6 20.
f3 Rfd8 21. Bg5 Rd6 22. Be7 Rxd4 23. Be4 Rxd1+ 24. Rxd1 Qc7 25. Bd6 Qd7 26.
Bg3 Qe7 27. Bd6 Qd7 28. Bg3 Ba6 29. Rxd7 Bxe2 30. Rxa7 Bxc3 31. Bf2 b5 32.
Bb7 Rd8 33. Bb6 Rd1+ 34. Kf2 Bc4 35. Bc6 Rd2+ 36. Kg3 Be5+ 37. f4 Bc3 38.
Bc7 Re2 39. Be8 Bd5 40. Be5 Re3+ 41. Kf2 Rxe5 42. Bxf7+ Kf8 43. fxe5 Bd4+
{White forfeits on time}
0-1

[Event "ICC Open 2015"]
[Site "Internet Chess Club"]
[Date "2015.05.29"]
[Round "9"]
[White "mrrr"]
[Black "balion"]
[Result "1-0"]
[ICCResult "Black forfeits on time"]
[WhiteElo "1842"]
[BlackElo "1591"]
[Opening "Queen's pawn game"]
[ECO "E20"]
[NIC "QO.17"]
[Time "15:39:16"]
[TimeControl "180+0"]

1. d4 e6 2. c4 Nf6 3. Nc3 Be7 4. Bg5 d6 5. Nf3 Nbd7 6. e3 h6 7. Bxf6 Nxf6 8.
Bd3 Bd7 9. O-O O-O 10. b4 Ng4 11. h3 Nf6 12. c5 Re8 13. Qb3 Bf8 14. a4 e5
15. Bc4 Be6 16. d5 Bf5 17. c6 b6 18. a5 Qe7 19. Ra2 Ne4 20. Nxe4 Bxe4 21.
Nd2 Bg6 22. Rfa1 Rab8 23. b5 Qg5 24. axb6 axb6 25. Ra7 Re7 26. Bd3 f5 27.
Nc4 e4 28. Be2 f4 29. Bg4 fxe3 30. Qxe3 Qxe3 31. fxe3 Bf7 32. Be6 Bxe6 33.
dxe6 Rxe6 34. Rxc7 d5 35. Nd2 Bc5 36. Kf2 Rf6+ 37. Ke2 Rbf8 38. Rf1 Rxf1 39.
Nxf1 {Black forfeits on time} 1-0

[Event "ICC Open 2015"]
[Site "Internet Chess Club"]
[Date "2015.05.29"]
[Round "9"]
[White "Sherlocked"]
[Black "BFavre"]
[Result "0-1"]
[ICCResult "White forfeits on time"]
[WhiteElo "1920"]
[BlackElo "1788"]
[Opening "Benoni: fianchetto variation"]
[ECO "A62"]
[NIC "BI.24"]
[Time "15:39:12"]
[TimeControl "180+0"]

1. d4 c5 2. d5 d6 3. c4 e6 4. Nc3 exd5 5. cxd5 Nf6 6. Nf3 g6 7. g3 Bg7 8.
Bg2 O-O 9. O-O Na6 10. Bf4 Bf5 11. Nd2 Qd7 12. Nc4 Ne8 13. e4 Bh3 14. Bxh3
Qxh3 15. Nxd6 Nxd6 16. Bxd6 Rfe8 17. Qf3 Rad8 18. Bf4 Nb4 19. Rad1 Nc2 20.
Qg2 Qd7 21. Bg5 Rc8 22. Kh1 Nd4 23. Rfe1 h6 24. Be3 b5 25. Bf4 b4 26. Ne2
Qa4 27. Nxd4 cxd4 28. d6 Red8 29. e5 Qxa2 30. Rxd4 Rc2 31. Bc1 Qe6 32. Qd5
Qf5 33. Rd2 Rxd2 34. Qxd2 Bxe5 35. Rd1 Rxd6 36. Qe2 Rxd1+ 37. Qxd1 Qxf2
{White forfeits on time}
0-1

[Event "ICC Open 2015"]
[Site "Internet Chess Club"]
[Date "2015.05.29"]
[Round "9"]
[White "IlValentino"]
[Black "jugador"]
[Result "0-1"]
[ICCResult "White forfeits on time"]
[WhiteElo "1433"]
[BlackElo "1689"]
[Opening "Old Benoni defense"]
[ECO "A43"]
[NIC "OI.09"]
[Time "15:38:36"]
[TimeControl "180+0"]

1. d4 c5 2. dxc5 g6 3. Nc3 Bg7 4. Qd3 Nc6 5. e3 Nf6 6. a3 O-O 7. b3 Qa5 8.
Bb2 Qxc5 9. Nf3 a5 10. Na4 Qh5 11. Be2 d6 12. Rd1 Bf5 13. Qd2 Ne4 14. Qc1
Bxb2 15. Qxb2 Qh6 16. O-O Rab8 17. c4 b6 18. Rfe1 Nc5 19. Nc3 Qg7 20. Rc1
Ne4 21. Nd1 Qxb2 22. Nxb2 Nf6 23. Nd4 Nxd4 24. exd4 e5 25. d5 Bd7 26. f3 Ne8
27. a4 Ng7 28. Nd1 Nf5 29. Nc3 Nd4 30. Bd1 f5 31. Nb5 Rf6 32. Nxd4 exd4 33.
Bc2 Re8 34. Rcd1 Rxe1+ 35. Rxe1 Kf7 36. Kf2 g5 37. g3 h5 38. h3 f4 39. g4
hxg4 40. fxg4 Rh6 41. Kg2 f3+ 42. Kg3 Kg7 43. Rf1 Rf6 44. Rxf3 Rxf3+ 45.
Kxf3 Kf6 46. Bd3 Ke5 47. Kg3 Be8 48. h4 gxh4+ 49. Kxh4 Bf7 50. g5 Kf4
{White forfeits on time}
0-1

[Event "ICC Open 2015"]
[Site "Internet Chess Club"]
[Date "2015.05.29"]
[Round "9"]
[White "podkarpacki"]
[Black "savlanut"]
[Result "1-0"]
[ICCResult "Black checkmated"]
[WhiteElo "1415"]
[BlackElo "1226"]
[Opening "Queen's pawn game, Chigorin variation"]
[ECO "D02"]
[NIC "QP.09"]
[Time "15:39:14"]
[TimeControl "180+0"]

1. Nf3 d5 2. d4 Nc6 3. c4 dxc4 4. d5 Nb4 5. Qa4+ c6 6. Qxb4 cxd5 7. Nc3 a5
8. Qb5+ Qd7 9. Qxd5 Qxd5 10. Nxd5 Kd8 11. e4 e6 12. Nc3 Bb4 13. Bxc4 Bd7 14.
O-O Rc8 15. Bb3 Bxc3 16. bxc3 Rxc3 17. Bb2 Rc7 18. Bxg7 Nh6 19. Bxh8 Ke7 20.
e5 Bc6 21. Rac1 Rd7 22. Rfd1 Bxf3 23. Rxd7+ Kxd7 24. gxf3 Nf5 25. Bf6 Nd4
26. Rd1 Kc6 27. Rxd4 Kc5 28. Rd7 b5 29. Rxf7 a4 30. Bxe6 Kb4 31. Be7+ Kc3
32. Rxh7 b4 33. Rh4 b3 34. axb3 axb3 35. Bxb3 Kxb3 36. Rd4 Kc3 37. Rd1 Kc2
38. Rd8 Kc3 39. e6 Kc4 40. Bh4 Kc5 41. e7 Kc6 42. e8=Q+ Kc7 43. Rd7+ Kc6 44.
Qc8+ Kb6 45. Rb7+ Ka6 46. Qa8# {Black checkmated} 1-0

[Event "ICC Open 2015"]
[Site "Internet Chess Club"]
[Date "2015.05.29"]
[Round "9"]
[White "TheThirdOne"]
[Black "Kabral"]
[Result "0-1"]
[ICCResult "White resigns"]
[WhiteElo "1401"]
[BlackElo "1807"]
[Opening "Sicilian: Labourdonnais-Löwenthal (Kalashnikov) variation"]
[ECO "B32"]
[NIC "SI.32"]
[Time "15:40:15"]
[TimeControl "180+0"]

1. e4 c5 2. Nf3 Nc6 3. d4 cxd4 4. Nxd4 e5 5. Nb5 d6 6. a4 a6 7. N5a3 Nf6 8.
Nc3 Be6 9. Be2 Be7 10. Bg5 O-O 11. O-O Rc8 12. Bxf6 Bxf6 13. Nd5 Bg5 14. Nc4
Bxd5 15. Qxd5 Nd4 16. Bd3 Be7 17. c3 Ne6 18. Qxb7 Rb8 19. Qd5 Nf4 20. Qa5
Nxd3 21. Rad1 Qxa5 22. Nxa5 Nxb2 23. Rb1 Nxa4 24. Nc6 Rbe8 25. Rb7 Bg5 26.
g3 Nxc3 27. f4 exf4 28. gxf4 Bf6 29. e5 dxe5 30. fxe5 Bxe5 31. Rf5 Bf6
{White resigns}
0-1

[Event "ICC Open 2015"]
[Site "Internet Chess Club"]
[Date "2015.05.29"]
[Round "9"]
[White "jyd34"]
[Black "whynotchess960"]
[Result "1-0"]
[ICCResult "Black resigns"]
[WhiteElo "1617"]
[BlackElo "1964"]
[Opening "Scotch: Schmidt variation"]
[ECO "C45"]
[NIC "SO.04"]
[Time "15:40:00"]
[TimeControl "180+0"]

1. e4 e5 2. Nf3 Nc6 3. d4 exd4 4. Nxd4 Nf6 5. f3 Bc5 6. Be3 Nxd4 7. Bxd4
Bxd4 8. Qxd4 d6 9. Nc3 O-O 10. O-O-O Be6 11. g4 Nd7 12. h4 Qf6 13. g5 Qxd4
14. Rxd4 f6 15. f4 fxg5 16. fxg5 Ne5 17. Be2 Rf2 18. Rf1 Raf8 19. Rxf2 Rxf2
20. Kd1 Rh2 21. Nd5 Bxd5 22. exd5 Rh1+ 23. Kd2 Rh2 24. Re4 Nf3+ 25. Ke3 Nxh4
26. Bg4 Rxc2 27. Be6+ Kf8 28. Rxh4 h6 29. gxh6 gxh6 30. Rxh6 Rxb2 31. Rh7 c6
32. dxc6 bxc6 33. Rd7 d5 34. Rxa7 Rb4 35. a4 Re4+ 36. Kd3 Rxe6 37. a5 Re7
38. Rxe7 Kxe7 39. a6 {Black resigns} 1-0

[Event "ICC Open 2015"]
[Site "Internet Chess Club"]
[Date "2015.05.29"]
[Round "9"]
[White "LLEonidSTEin"]
[Black "Woss"]
[Result "0-1"]
[ICCResult "White checkmated"]
[WhiteElo "1852"]
[BlackElo "2113"]
[Opening "Queen's pawn"]
[ECO "A40"]
[NIC "QO.17"]
[Time "15:39:03"]
[TimeControl "180+0"]

1. d4 e6 2. Nf3 f5 3. Bg5 Nf6 4. g3 d5 5. Bg2 c6 6. O-O Bd6 7. c3 Nbd7 8.
Nbd2 O-O 9. Re1 Qc7 10. Qb3 Ne4 11. Rad1 Ndf6 12. Bxf6 Nxf6 13. c4 Bd7 14.
c5 Be7 15. Ne5 b6 16. cxb6 axb6 17. Rc1 c5 18. a3 Ne4 19. Nxe4 fxe4 20. e3
c4 21. Qc2 Be8 22. Bh3 Qd6 23. Rf1 Bf6 24. Ng4 Bh5 25. Nxf6+ Rxf6 26. Bg2
Bf3 27. Qc3 Raf8 28. Rc2 Qd7 29. Qb4 Qf7 30. Qxb6 Rh6 31. Qc5 Bxg2 32. Kxg2
Qf3+ 33. Kg1 Qh5 34. h4 g5 35. Qe7 Rff6 36. Qd8+ Kg7 37. Qe7+ Kg6 38. Qe8+
Kf5 39. Qxh5 Rxh5 40. hxg5 Kxg5 41. Kg2 Rfh6 42. Rg1 Rh2+ 43. Kf1 Kg4 44. b3
cxb3 45. Rb2 Kf3 46. a4 Rf6 47. a5 Rf8 48. a6 Ra8 49. Rxb3 Rxa6 50. Rb2 Ra1+
51. Rb1 Rxb1# {White checkmated} 0-1

[Event "ICC Open 2015"]
[Site "Internet Chess Club"]
[Date "2015.05.29"]
[Round "9"]
[White "Bleeksk"]
[Black "gladiator46"]
[Result "1-0"]
[ICCResult "Black forfeits on time"]
[WhiteElo "1967"]
[BlackElo "1672"]
[Opening "English: Caro-Kann defensive system"]
[ECO "A11"]
[NIC "EO.64"]
[Time "15:39:45"]
[TimeControl "180+0"]

1. c4 c6 2. b4 d5 3. cxd5 cxd5 4. Nf3 Nf6 5. g3 a6 6. Bg2 e6 7. a3 b5 8. O-O
Bb7 9. Bb2 Be7 10. Nc3 Nc6 11. d3 O-O 12. Re1 Rc8 13. e4 dxe4 14. dxe4 Qb6
15. Qe2 Rfd8 16. Rad1 h6 17. h3 e5 18. Nd5 Nxd5 19. exd5 Nb8 20. Nxe5 Bf6
21. Qh5 Bxe5 22. Qxe5 f6 23. Qf4 Rd6 24. Re7 Rc7 25. Re8+ Kf7 26. Rde1 Bc8
27. Qf3 g6 28. R1e6 Bxe6 29. Rxe6 Rxe6 30. dxe6+ Qxe6 31. Qd1 Rd7 32. Qc2
Qe1+ 33. Kh2 Nc6 34. Bxc6 Re7 35. Bg2 {Black forfeits on time} 1-0

[Event "ICC Open 2015"]
[Site "Internet Chess Club"]
[Date "2015.05.29"]
[Round "9"]
[White "Warhabid"]
[Black "opportunity"]
[Result "0-1"]
[ICCResult "White forfeits on time"]
[WhiteElo "2255"]
[BlackElo "1935"]
[Opening "English opening"]
[ECO "A05"]
[NIC "QP.11"]
[Time "15:38:53"]
[TimeControl "180+0"]

1. Nf3 Nf6 2. c4 Nc6 3. g3 e5 4. Bg2 d5 5. cxd5 Nxd5 6. O-O Be6 7. a3 Be7 8.
d3 O-O 9. b4 a6 10. Bb2 Bd6 11. Nbd2 Re8 12. Rc1 Qd7 13. Ne4 Bh3 14. Nc5
Bxc5 15. Rxc5 Bxg2 16. Kxg2 Rad8 17. Nd2 Nd4 18. e3 Ne6 19. Rc1 f6 20. Qb3
Kh8 21. Rfd1 Ng5 22. e4 Qh3+ 23. Kh1 Ne7 24. Rxc7 Ng6 25. d4 exd4 26. f4
Nxe4 27. Nxe4 Rxe4 28. Qf3 Re3 29. Qf1 Qxf1+ 30. Rxf1 d3 31. Rd1 d2 32. Bc3
Red3 33. Rxd2 Rxd2 34. Bxd2 h5 35. Be3 Rd3 36. Bc5 Rxa3 37. Kg2 b5 38. Rc8+
Kh7 39. Rb8 h4 40. gxh4 Nxf4+ 41. Kf2 Nh3+ 42. Ke2 Nf4+ 43. Kd2 Nd5 44. Kc2
Rh3 45. Rb7 Rxh2+ 46. Kd3 Rh3+ 47. Kd4 Nf4 48. Ke4 Ng6 49. Kf5 Rxh4 50. Ke6
Re4+ 51. Kf7 Nf4 52. Ra7 Re6 53. Bf8 Re7+ 54. Kxe7 g5 55. Kd7 Kg6 56. Be7
Kf5 57. Kc6 Kg4 58. Bd6 Kf3 59. Bxf4 g4 {White forfeits on time} 0-1

[Event "ICC Open 2015"]
[Site "Internet Chess Club"]
[Date "2015.05.29"]
[Round "9"]
[White "Mardaker"]
[Black "Platyborg"]
[Result "1-0"]
[ICCResult "Black resigns"]
[WhiteElo "2773"]
[BlackElo "3054"]
[Opening "King's Indian: fianchetto, Yugoslav, 7.O-O"]
[ECO "E65"]
[NIC "KI.68"]
[Time "15:39:57"]
[TimeControl "180+0"]

1. Nf3 Nf6 2. g3 g6 3. Bg2 Bg7 4. O-O O-O 5. d4 d6 6. c4 c5 7. Nc3 Nc6 8.
dxc5 dxc5 9. Be3 Qa5 10. Qa4 Qxa4 11. Nxa4 b6 12. Nc3 Bd7 13. Rfd1 Rac8 14.
b3 Ng4 15. Bd2 Rfd8 16. h3 Nge5 17. Nxe5 Bxe5 18. Rac1 Nd4 19. e3 Nc6 20.
Nd5 e6 21. Nf4 Be8 22. Be1 Nb4 23. Bxb4 cxb4 24. Bf3 Bc3 25. Rxd8 Rxd8 26.
Rd1 Rxd1+ 27. Bxd1 Bc6 28. Bc2 Kf8 29. Ne2 Bb2 30. Nd4 Bd7 31. h4 Ke7 32.
Kf1 Kd6 33. Ke2 Kc5 34. Nf3 h6 35. Be4 f5 36. Bd3 Bc6 37. Nd2 Bc3 38. Nb1
Bb2 39. Nd2 a5 40. e4 Bc3 41. exf5 gxf5 42. Nf3 Bf6 43. Bc2 a4 44. bxa4 Bc3
45. Bb3 e5 46. Ne1 e4 47. Ng2 Kd6 48. Ne3 Ke5 49. c5 bxc5 50. a5 Bb5+ 51.
Bc4 Bxc4+ 52. Nxc4+ Kd5 53. a6 Kc6 54. Ne3 Kb6 55. Nxf5 Kxa6 56. Nxh6 Ka5
57. Kd1 Ka4 58. Kc2 Ka3 59. Kb1 Bd4 60. Ng4 c4 61. h5 c3 62. Ne3 b3 63. axb3
Kxb3 64. h6 Bf6 65. h7 Kb4 66. Nd5+ {Black resigns} 1-0

[Event "ICC Open 2015"]
[Site "Internet Chess Club"]
[Date "2015.05.29"]
[Round "9"]
[White "playformaximum"]
[Black "Federicov"]
[Result "1-0"]
[ICCResult "Black resigns"]
[WhiteElo "3045"]
[BlackElo "3169"]
[Opening "Nimzo-Indian: classical variation"]
[ECO "E32"]
[NIC "NI.24"]
[Time "15:39:57"]
[TimeControl "180+0"]

1. d4 Nf6 2. c4 e6 3. Nc3 Bb4 4. Qc2 b6 5. e4 c5 6. d5 Qe7 7. Ne2 O-O 8. Bd2
d6 9. O-O-O a6 10. f3 Nbd7 11. Ng3 b5 12. a3 Bxc3 13. Bxc3 bxc4 14. Bxc4 Nb6
15. Ba2 Bd7 16. dxe6 Bxe6 17. Nf5 Bxf5 18. exf5 d5 19. Rhe1 Qd8 20. Bxf6
Qxf6 21. Bxd5 Rab8 22. Re2 Rfd8 23. Red2 c4 24. Qc3 Qg5 25. h4 Qf4 26. g3
Qc7 27. Be4 Rxd2 28. Qxd2 c3 29. Qxc3 Qxg3 30. Kb1 Na4 31. Qd4 Rxb2+ 32.
Qxb2 h5 33. f6 gxf6 34. Qxf6 Qb8+ 35. Ka1 {Black resigns} 1-0

[Event "ICC Open 2015"]
[Site "Internet Chess Club"]
[Date "2015.05.29"]
[Round "9"]
[White "hawk12"]
[Black "RaiseTheCurve"]
[Result "0-1"]
[ICCResult "White forfeits on time"]
[WhiteElo "1715"]
[BlackElo "1945"]
[Opening "Alekhine's defense: Sämisch attack"]
[ECO "B02"]
[NIC "AL.10"]
[Time "15:38:33"]
[TimeControl "180+0"]

1. e4 Nf6 2. e5 Nd5 3. Nc3 Nxc3 4. bxc3 d5 5. exd6 exd6 6. d4 Be7 7. Bd3 O-O
8. Nf3 Bg4 9. h3 Bxf3 10. Qxf3 Nc6 11. a4 Bf6 12. O-O Re8 13. a5 a6 14. Be4
Rxe4 15. Qxe4 Qd7 16. Re1 d5 17. Qg4 Qd8 18. Bf4 Nb8 19. Qg3 c6 20. Re2 Nd7
21. Rae1 Nf8 22. Bc7 Qd7 23. Bb6 Ne6 24. f4 Rf8 25. f5 Ng5 26. Qc7 Qxf5 27.
Re8 g6 28. Rxf8+ Kxf8 29. Qxb7 Ne4 30. Rf1 Qg5 31. Qxc6 Qe3+ 32. Kh2 Qg3+
33. Kg1 Kg7 34. Qxd5 Qe3+ 35. Kh2 Nxc3 36. Qf3 Qxf3 37. Rxf3 Nd5 38. Rf1
Nxb6 39. axb6 Bxd4 40. b7 Be5+ 41. g3 Bb8 42. Kg2 Kf8 43. Rd1 Ke8 44. c4 Ba7
45. c5 Bb8 46. c6 Bc7 47. Rd7 Be5 48. Rd5 Bb8 49. Rc5 Bc7 50. Rd5 Bb8 51.
Rd7 Bc7 52. Rxc7 Kf8 53. Rc8+ Kg7 54. b8=Q a5 {White forfeits on time} 0-1

[Event "ICC Open 2015"]
[Site "Internet Chess Club"]
[Date "2015.05.29"]
[Round "9"]
[White "gazap"]
[Black "gungunhana2"]
[Result "1-0"]
[ICCResult "Black forfeits on time"]
[WhiteElo "1791"]
[BlackElo "1384"]
[Opening "Vienna: Paulsen variation"]
[ECO "C25"]
[NIC "VG.04"]
[Time "15:39:51"]
[TimeControl "180+0"]

1. e4 e5 2. Nc3 Nc6 3. g3 Bc5 4. Bg2 d6 5. Na4 Nge7 6. Nxc5 dxc5 7. Ne2 Bg4
8. h3 Bh5 9. d3 f6 10. O-O O-O 11. g4 Bf7 12. f4 exf4 13. Nxf4 Ne5 14. Kh1
N7c6 15. c3 g5 16. Nd5 Bxd5 17. exd5 Ne7 18. d4 cxd4 19. cxd4 N5g6 20. Qb3
Kg7 21. Qxb7 {Black forfeits on time} 1-0

[Event "ICC Open 2015"]
[Site "Internet Chess Club"]
[Date "2015.05.29"]
[Round "9"]
[White "Sjelan"]
[Black "saya"]
[Result "1/2-1/2"]
[ICCResult "Game drawn by repetition"]
[WhiteElo "2216"]
[BlackElo "2596"]
[Opening "QGD semi-Slav"]
[ECO "D43"]
[NIC "QI.01"]
[Time "15:39:41"]
[TimeControl "180+0"]

1. d4 e6 2. Nf3 Nf6 3. c4 d5 4. Nc3 c6 5. cxd5 exd5 6. Bg5 Be7 7. e3 Bf5 8.
Bd3 Bxd3 9. Qxd3 Nbd7 10. O-O Nh5 11. Bxe7 Qxe7 12. Rfe1 O-O 13. Rab1 a5 14.
a3 Nhf6 15. Nd2 Rfe8 16. h3 a4 17. Na2 b5 18. Rbc1 Qd6 19. Nb4 Rac8 20. Rc2
Nb6 21. Rec1 Nc4 22. Nxc4 dxc4 23. Qf5 Nd5 24. Nxd5 cxd5 25. Re2 g6 26. Qg5
Kg7 27. f3 f5 28. Rce1 Re6 29. Qh4 Rce8 30. Qf2 b4 31. axb4 Qxb4 32. Qg3
R8e7 33. Qf4 a3 34. bxa3 Qxa3 35. Kf2 Qc3 36. h4 Qd3 37. h5 gxh5 38. Qg5+
Kh8 39. Ra1 Re8 40. Ra7 Rg6 41. Qxh5 Rxg2+ 42. Kxg2 Qxe2+ 43. Kh1 Qf1+ 44.
Kh2 Qf2+ 45. Kh1 Qf1+ 46. Kh2 Qe2+ 47. Kh1 Qd1+ 48. Kh2 Qe2+ 49. Kh1 Qd1+
50. Kh2 Qe2+ 51. Kh1 Qf1+ {Game drawn by repetition} 1/2-1/2

[Event "ICC Open 2015"]
[Site "Internet Chess Club"]
[Date "2015.05.29"]
[Round "9"]
[White "random31415"]
[Black "perronegro"]
[Result "1-0"]
[ICCResult "Black forfeits on time"]
[WhiteElo "1898"]
[BlackElo "1598"]
[Opening "Sicilian: Richter-Rauzer"]
[ECO "B60"]
[NIC "SI.27"]
[Time "15:39:10"]
[TimeControl "180+0"]

1. e4 c5 2. Nf3 d6 3. d4 cxd4 4. Nxd4 Nf6 5. Nc3 Nc6 6. Bg5 a6 7. Qd2 h6 8.
Bxf6 gxf6 9. O-O-O Bd7 10. f4 Bg7 11. g3 h5 12. Bd3 e6 13. Nf3 e5 14. Nd5
Nd4 15. Nxd4 exd4 16. f5 Bh6 17. Nf4 Bc6 18. Bc4 Bb5 19. Bb3 Rc8 20. Kb1 d3
21. cxd3 Qb6 22. Nd5 Qd4 23. Qe2 Rc1+ 24. Rxc1 Bxc1 25. Kxc1 Kd7 26. Rd1
Rc8+ 27. Nc3 a5 28. Kb1 Ba6 29. Bxf7 b5 30. Be6+ Kc7 31. Nd5+ Kb8 32. Bxc8
Bxc8 33. Qe3 Qxe3 34. Nxe3 Bd7 35. Nd5 b4 36. Nxf6 Ba4 37. Rc1 Bb5 38. Nxh5
Kb7 39. Ka1 Kb6 40. d4 a4 41. f6 Be8 42. Nf4 Bf7 43. g4 Kb5 44. g5 b3 45. a3
Bc4 46. g6 d5 47. e5 Kc6 48. g7 Kd7 49. g8=N Bb5 50. h4 Ba6 51. h5 Bc8 52.
h6 Kd8 53. h7 Bf5 54. h8=N Be6 55. Rc8+ {Black forfeits on time} 1-0

[Event "ICC Open 2015"]
[Site "Internet Chess Club"]
[Date "2015.05.29"]
[Round "9"]
[White "El-Flippo"]
[Black "capatal1"]
[Result "1/2-1/2"]
[ICCResult "Game drawn by repetition"]
[WhiteElo "1329"]
[BlackElo "1465"]
[Opening "Sicilian: Najdorf, Opocensky variation"]
[ECO "B92"]
[NIC "SI.10"]
[Time "15:39:43"]
[TimeControl "180+0"]

1. e4 c5 2. Nf3 d6 3. d4 cxd4 4. Nxd4 Nf6 5. Nc3 a6 6. Be2 e5 7. Nb3 Be6 8.
Be3 Nbd7 9. f3 Be7 10. Qd2 b5 11. O-O-O Qc7 12. Kb1 Rc8 13. Bd3 O-O 14. Nd5
Bxd5 15. exd5 Nc5 16. Nxc5 dxc5 17. d6 Bxd6 18. Bxh7+ Nxh7 19. Qxd6 Qxd6 20.
Rxd6 a5 21. Rd5 Nf6 22. Rxe5 Rfe8 23. Rxe8+ Nxe8 24. Re1 c4 25. c3 Nf6 26.
Rd1 b4 27. Bd4 Nd5 28. Bxg7 Kxg7 29. Rxd5 bxc3 30. bxc3 Ra8 31. Kc2 a4 32.
Rc5 Re8 33. Rxc4 Re2+ 34. Kb1 Rxg2 35. Rxa4 Rxh2 36. Rf4 Rd2 37. c4 Rd6 38.
c5 Rc6 39. Rc4 Rf6 40. f4 Rc6 41. a4 f5 42. Kc2 Kf7 43. Kb3 Ke6 44. Kb4 Kd5
45. Kb5 Re6 46. a5 Re8 47. a6 Rb8+ 48. Ka5 Kxc4 49. a7 Rb1 50. c6 Kc5 51.
Ka6 Rb6+ 52. Ka5 Rb1 53. Ka6 Rb6+ 54. Ka5 Rb1 55. Ka6 {Game drawn by
repetition} 1/2-1/2

[Event "ICC Open 2015"]
[Site "Internet Chess Club"]
[Date "2015.05.29"]
[Round "9"]
[White "FHNA"]
[Black "Dodgy"]
[Result "1-0"]
[ICCResult "Black forfeits on time"]
[WhiteElo "2580"]
[BlackElo "2179"]
[Opening "Trompowsky attack (Ruth, Opocenský opening)"]
[ECO "A45"]
[NIC "QP.07"]
[Time "15:38:48"]
[TimeControl "180+0"]

1. d4 Nf6 2. Bg5 e6 3. Nd2 c5 4. e3 Nc6 5. c3 h6 6. Bh4 g5 7. Bg3 Bg7 8.
Ngf3 cxd4 9. exd4 Qb6 10. Qb3 Nh5 11. Qxb6 axb6 12. Nc4 Nxg3 13. hxg3 Ra7
14. Nxb6 Ke7 15. Kd2 d6 16. Kc2 e5 17. Nxc8+ Rxc8 18. dxe5 dxe5 19. a3 Nd4+
20. Kd3 Ne6 21. Ke3 f5 22. Bd3 e4 23. Bxe4 fxe4 24. Kxe4 Ra4+ 25. Ke3 Ra5
26. Rad1 Rb5 27. Rd2 Rc6 28. Re1 Rcb6 29. Ree2 Kf7 30. Ne1 Bf6 31. f3 Re5+
32. Kf2 Rxe2+ 33. Kxe2 Ke7 34. Nd3 Rd6 35. Rc2 Nc7 36. Nf2 Nd5 37. Ne4 Re6
38. c4 Nc7 39. Kd3 Be5 40. g4 Bf4 41. b4 Kf7 42. a4 Re7 43. c5 Rd7+ 44. Kc4
Ne6 45. Rb2 Rd4+ 46. Kc3 Be5 47. Nd6+ Bxd6 48. cxd6 Rxd6 49. a5 Kf6 50. b5
Nd8 51. Kc4 Ke5 52. Kc5 Rd5+ 53. Kb6 Kf4 54. a6 bxa6 55. bxa6 Rd6+ 56. Kb5
Nc6 57. Rc2 Na7+ 58. Ka5 Rd7 59. Kb6 Rg7 60. Rc7 Rxc7 61. Kxc7 Nb5+ 62. Kb6
Nd6 63. Kc6 Nc4 64. a7 Kg3 65. a8=Q Kxg2 66. Qa6 Ne5+ 67. Kd5 Nxf3 68. Qe2+
Kg3 69. Ke4 Kxg4 70. Qxf3+ Kh4 71. Qh1+ Kg4 72. Qg1+ Kh4 73. Kf3 Kh5 74.
Qg4+ Kg6 75. Qe6+ Kh5 76. Kg3 {Black forfeits on time} 1-0

[Event "ICC Open 2015"]
[Site "Internet Chess Club"]
[Date "2015.05.29"]
[Round "9"]
[White "Fanta"]
[Black "Lundendorf"]
[Result "1-0"]
[ICCResult "Black resigns"]
[WhiteElo "1949"]
[BlackElo "1884"]
[Opening "Caro-Kann: advance variation"]
[ECO "B12"]
[NIC "CK.04"]
[Time "15:40:17"]
[TimeControl "180+0"]

1. e4 c6 2. d4 d5 3. e5 Bf5 4. Ne2 e6 5. h4 h5 6. Ng3 Bg6 7. Bd3 Bxd3 8.
Qxd3 c5 9. Be3 cxd4 10. Bxd4 Nc6 11. c3 Qc7 12. f4 Nxd4 13. Qxd4 Nh6 14.
Qa4+ Qc6 15. Qxc6+ bxc6 16. Nxh5 Nf5 17. g4 Ne3 18. Kd2 Nxg4 19. Ng3 Be7 20.
h5 Kd7 21. b4 c5 22. a3 a5 23. b5 a4 24. Kd3 Nf2+ 25. Kc2 Nxh1 26. Nxh1 Rxh5
27. Nd2 Rah8 28. Nf2 Rh2 29. Ng4 Rg2 30. Ne3 Re2 31. Ng4 Rh4 32. Rg1 c4 33.
Kd1 Reh2 34. Nxh2 Rxh2 35. Rxg7 Rh1+ 36. Kc2 Rh2 37. Rxf7 Rf2 38. Kd1 Ke8
39. Rh7 Rg2 40. b6 Rg1+ 41. Kc2 {Black resigns} 1-0

[Event "ICC Open 2015"]
[Site "Internet Chess Club"]
[Date "2015.05.29"]
[Round "9"]
[White "Pkopsa"]
[Black "waynerooney"]
[Result "0-1"]
[ICCResult "White forfeits on time"]
[WhiteElo "1604"]
[BlackElo "1929"]
[Opening "Queen's bishop game"]
[ECO "D02"]
[NIC "QP.06"]
[Time "15:39:59"]
[TimeControl "180+0"]

1. d4 Nf6 2. Nf3 d5 3. Bf4 e6 4. e3 c5 5. c3 Nc6 6. Nbd2 Be7 7. Bd3 O-O 8.
Ne5 Nxe5 9. dxe5 Nd7 10. Qh5 g6 11. Qh6 Qe8 12. Nf3 f6 13. exf6 Bxf6 14. Ng5
Qe7 15. O-O-O e5 16. h4 Bh8 17. Bg3 Nf6 18. f3 Bg7 19. h5 Bxh6 20. hxg6 Bxg5
21. gxh7+ Kh8 22. f4 exf4 23. exf4 Qe3+ 24. Kb1 Qxg3 25. fxg5 Qxg5 26. Rdf1
Bg4 {White forfeits on time} 0-1